 Dungeon Crawl Stone Soup version 0.21.1-1-g345015f (webtiles) character file.

78 Fang the Skirmisher (level 4, -2/29 HPs)
             Began as a Gargoyle Berserker on June 4, 2018.
             Was a Believer of Trog.
             Slain by a goblin
             ... wielding a +0 club
             ... led by Robin
              (3 damage)
             ... on level 2 of the Dungeon.
             The game lasted 00:00:54 (947 turns).

Fang the Skirmisher (Gargoyle Berserker)             Turns: 947, Time: 00:00:55

Health: -2/29      AC:  5    Str: 21    XL:     4   Next: 36%
Magic:  4/4        EV: 12    Int:  8    God:    Trog [**....]
Gold:   104        SH:  0    Dex:  9    Spells: 3/3 levels left

rFire    + . .     SeeInvis .   a - +0 hand axe
rCold    . . .     Gourm    .   (no shield)
rNeg     + . .     Faith    .   b - +0 animal skin
rPois    ∞         Spirit   .   (no helmet)
rElec    +         Reflect  .   (no cloak)
rCorr    .         Harm     .   (no gloves)
MR       .....                  (no boots)
Stlth    +.........             i - amulet of rage
HPRegen  0.09/turn              h - ring of protection from fire
MPRegen  0.09/turn              (no ring)

@: berserk cooldown, slowed, very slow
A: negative energy resistance 1, electricity resistance, unbreathing,
petrification resistance, rot immunity, AC +3
a: Berserk, Trog's Hand, Burn Spellbooks, Renounce Religion, Evoke Berserk Rage


You were on level 2 of the Dungeon.
You worshipped Trog.
Trog was pleased with you.
You were hungry.

You visited 1 branch of the dungeon, and saw 2 of its levels.

You collected 104 gold pieces.

Inventory:

Hand Weapons
 a - a +0 hand axe (weapon)
Armour
 b - a +0 animal skin (worn)
Jewellery
 h - a ring of protection from fire (left hand)
 i - an amulet of rage (around neck)
 j - a cursed amulet of inaccuracy {unknown}
Scrolls
 d - a scroll of remove curse {unknown}
 e - a scroll of magic mapping {unknown}
 f - a scroll of identify {unknown}
 k - a scroll of blinking {unknown}
Potions
 g - a potion of curing {unknown}
 l - a potion of agility {unknown}
Comestibles
 c - a ration


   Skills:
 + Level 4.1 Fighting
 + Level 3.6 Axes
 + Level 2.4 Armour
 + Level 2.0 Dodging
 + Level 0.4 Stealth


You had 3 spell levels left.
You didn't know any spells.

Dungeon Overview and Level Annotations

Branches:
Dungeon (2/15)

Altars:


Innate Abilities, Weirdness & Mutations

You are resistant to torment.
Your stone body is resilient. (AC +3)
You are immune to poison.
You resist negative energy. (rN+)
You are resistant to electric shocks. (rElec)
You can survive without breathing.
You are immune to petrification.
You are immune to rotting.


Message History

You barely miss the goblin.
The goblin shouts!
The goblin barely misses you. x2
Unknown command.
You barely miss the goblin. The goblin barely misses you.
Unknown command.
You closely miss the goblin.
The goblin hits you with an uncursed club.
* * * LOW HITPOINT WARNING * * *
The goblin misses you.
Unknown command.
You closely miss the goblin.
The goblin hits you but does no damage. x2
Unknown command.
You closely miss the goblin. The goblin misses you.
Unknown command.
You closely miss the goblin.
The goblin hits you but does no damage. x2
Unknown command.
You closely miss the goblin.
The goblin hits you with an uncursed club.
You die...

### ##.. #########...
#############...........
#..>ggg@()..)(##........
.....#####)?.....###....
#.. #.####### ##... #
...# ##.. ..#### ### ##


You could see 3 goblins.

Vanquished Creatures
  Robin (D:2)
  3 adders (D:2)
  2 worms (D:2)
  3 dart slugs
  2 giant cockroaches
  6 goblins (D:2)
  5 hobgoblins
  3 bats
  A frilled lizard (D:2)
  4 kobolds
  A rat (D:2)
31 creatures vanquished.

Notes
Turn   | Place    | Note
-------+----------+-------------------------------------------
     0 | D:1      | Fang the Gargoyle Berserker began the quest for the Orb.
     0 | D:1      | Reached XP level 1. HP: 14/14 MP: 1/1
   126 | D:1      | Reached XP level 2. HP: 16/19 MP: 2/2
   638 | D:2      | Reached XP level 3. HP: 19/24 MP: 3/3
   644 | D:2      | Reached skill level 4 in Fighting
   918 | D:2      | Noticed Robin
   923 | D:2      | Reached ** piety under Trog
   923 | D:2      | Reached XP level 4. HP: 23/29 MP: 4/4
   931 | D:2      | Killed Robin
   934 | D:2      | HP: 1/29 [hobgoblin/club[Robin] (4)]
   943 | D:2      | HP: 1/29 [goblin/uncursed club[Robin] (2)]
   947 | D:2      | Slain by a goblin

Skill      XL: |  1  2  3  4 |
---------------+-------------+-----
Axes           | 3 |  3.6
Fighting       | 4 |  4.1
Dodging        | 2 |  2.0
Armour         | |  2.4
Stealth        | |  0.4

Action                   |  1- 3 |  4- 6 || total
-------------------------+-------+-------++-------
Melee: Hand axe          |    75 |    19 ||    94
Invok: Berserk           |     2 |       ||     2
  Eat: Chunk             |     1 |       ||     1
Armor: Animal skin       |    35 |     6 ||    41
Dodge: Dodged            |    41 |    15 ||    56
